 Dungeon Crawl Stone Soup version 0.31-a0-986-g5e6e4ef867 (webtiles) character file.

Game seed: 10947699616816466203

44 bmb222 the Ruffian (level 3, 0/23 HPs)
             Began as an Octopode Shapeshifter on Nov 25, 2023.
             Slain by a gnoll
             ... wielding a +0 club
              (7 damage)
             ... on level 3 of the Dungeon.
             The game lasted 00:01:19 (1271 turns).

bmb222 the Ruffian (Octopode Shapeshifter)          Turns: 1271, Time: 00:01:20

Health: 0/23       AC:  1    Str: 15    XL:     3   Next: 60%
Magic:  3/3        EV: 13    Int: 12    God:
Gold:   135        SH:  0    Dex: 11    Spells: 2/2 levels left

rFire   . .          .
                       - Unarmed
rCold   . . .        (no shield)
rNeg    . . .        (helmet currently unavailable)
rPois   .            i - amulet of regeneration
rElec   .            h - ring of flight
rCorr   .            (no ring)
SInv    .            (no ring)
Will    .....        (no ring)
Stlth   +++          (no ring)
HPRegen 1.03/turn    (no ring)
MPRegen 0.08/turn    (no ring)
                     (no ring)

%: no passive effects
@: beast-form, flying
A: beast (slay +1), almost no armour, amphibious, 8 rings, camouflage 1,
gelatinous body 1, (nimble swimmer 1), tentacles
a: Begin Untransformation


You were on level 3 of the Dungeon.
You were a hulking beast.
You visited 1 branch of the dungeon, and saw 3 of its levels.

You collected 135 gold pieces.

Inventory:

Missiles
 e - 4 boomerangs (quivered)
Jewellery
 h - a ring of flight (left tentacle)
 i - an amulet of regeneration (around mantle)
Talismans
 b - a beast talisman
 c - a flux talisman
Scrolls
 j - a scroll of enchant weapon {unknown}
 k - 2 scrolls of teleportation {unknown}
 l - a scroll of vulnerability {unknown}
Potions
 a - a potion of lignification
 d - 2 potions of haste {unknown}
 f - 3 potions of curing {unknown}
 g - a potion of might {unknown}


   Skills:
 + Level 1.1 Fighting
 + Level 2.3 Dodging
 * Level 2.8 Stealth
 + Level 3.6 Unarmed Combat
 - Level 3.0 Shapeshifting


You had 2 spell levels left.
You didn't know any spells.
Your spell library contained the following spells:

 Spells                   Type           Power      Damage    Failure   Level
 Blink                    Tloc           0%         N/A       45%         2
 Lesser Beckoning         Tloc           0%         N/A       45%         2
 Momentum Strike          Conj/Tloc      0%         3d8       45%         2


Dungeon Overview and Level Annotations

Branches:
Dungeon (3/15)

Altars:


Innate Abilities, Weirdness & Mutations

You are a hulking beast.
Your limbs bulge with bestial killing power. (Slay +1)
You cannot wear most types of armour.
You are amphibious.
You can wear up to eight rings at the same time.
Your skin changes colour to match your surroundings (Stealth+).
Your rubbery body absorbs attacks. (AC +1, EV +1)
((You are camouflaged when in or above water. (Stealth+)))
You have tentacles for arms and can constrict up to eight enemies at once.


Message History

i - an amulet of regeneration (around mantle)
You now have 135 gold pieces (gained 12).
A gnoll comes into view. It is wielding a +0 whip.
A gnoll is nearby!
A gnoll is nearby!
A gnoll is nearby!
A gnoll is nearby!
The gnoll shouts!
You hear a shout!
A gnoll comes into view. It is wielding a +0 club.
The gnoll shouts!
You hear a shout!
A gnoll is nearby! 2 gnolls come into view.
There are monsters nearby!
You tentacle-slap the gnoll. Your grab misses the gnoll.
The gnoll is moderately wounded.
You barely miss the gnoll. Your grab misses the gnoll.
You squeeze the gnoll, but do no damage.
The gnoll is moderately wounded.
The gnoll hits you with a +0 club.
You tentacle-slap the gnoll. Your grab misses the gnoll.
The gnoll is severely wounded.
The gnoll hits you with a +0 club.
You tentacle-slap the gnoll.
You kill the gnoll!
You tentacle-slap the gnoll. You grab the gnoll.
The gnoll is lightly wounded.
You constrict the gnoll, but do no damage.
The gnoll hits you with a +0 club.
You tentacle-slap the gnoll.
The gnoll is lightly wounded.
You constrict the gnoll. The gnoll barely misses you.
You release your grip on the gnoll.
The gnoll attacks as it pursues you! The gnoll hits you with a +0 club.
The gnoll attacks as it pursues you! The gnoll barely misses you.
The gnoll attacks as it pursues you! The gnoll hits you with a +0 club.
The gnoll attacks as it pursues you! The gnoll hits you with a +0 club.
The gnoll attacks as it pursues you! The gnoll hits you with a +0 club.
* * * LOW HITPOINT WARNING * * *
The gnoll attacks as it pursues you! The gnoll hits you with a +0 club!
You die...

#+++### #...#.#
#.....###
#########.###...# .
#.........###.#.######..
#.....##..#...#.........
#.....##..#.#####.......
#.....##..#...#.<.......
#.....gh......#.######..
#####.#######...# . #.#
#..## #g# #...# #.#
.###.# ##g#####.# #..
#....g.g.# .# #.######.#
#. ..


You could see a gnoll.

Vanquished Creatures
  A gnoll (D:3)
  5 bats
  2 endoplasms
  3 giant cockroaches (D:1)
  A goblin (D:1)
  2 hobgoblins (D:1)
  9 jackals (D:1)
  A quokka (D:1)
  2 ball pythons (D:1)
  A kobold (D:1)
  2 rats (D:1)
29 creatures vanquished.

Notes
Turn   | Place    | Note
-------+----------+-------------------------------------------
     0 | D:1      | bmb222 the Octopode Shapeshifter began the quest for the
                  | Orb.
     0 | D:1      | Reached XP level 1. HP: 13/13 MP: 1/1
   137 | D:1      | Reached skill level 1 in Stealth
   161 | D:1      | Reached XP level 2. HP: 15/18 MP: 2/2
   359 | D:1      | Found a faded altar of an unknown god.
   407 | D:1      | Reached XP level 3. HP: 23/23 MP: 3/3
  1271 | D:3      | Slain by a gnoll

Illustrated notes

Levels and vault maps discovered:
D:1:      grunt_arrival_crossed_arrows, layout_basic,
          chequers_ecumenical_altar_simple_redux, chequers_serial_rivers_room_b
D:2:      layout_loops_cross
D:3:      layout_loops_cross, nicolae_overflow_macrodata_refinement,
          mainiacjoe_overflow_alcove_4, uniq_ijyb

Skill      XL: |  1  2  3 |
---------------+----------+-----
Stealth        | 1 2 |  2.8
Fighting       | |  1.1
Dodging        | |  2.3
Unarmed Combat | |  3.6
Shapeshifting  | |  3.0

Action                     || total
---------------------------++-------
  Melee: Unarmed           ||    58
         Constrict         ||    13
         Tentacles         ||     9
         Punch             ||     2
   Stab: Sleeping          ||     7
 Armour: Skin              ||    24
  Dodge: Dodged            ||    38

Table legend: (Time is in decaauts)
 A = Elapsed time spent in this place.
 B = Non-inter-level travel time spent in this place.
 C = Inter-level travel time spent in this place.
 D = Time resting spent in this place.
 E = Time spent auto-exploring this place.
 F = Levels seen in this place.
 G = Mean time per level.
                   A        B        C        D        E       F      G
               +--------+--------+--------+--------+--------+-----+--------+
         Total |   1266 |   1188 |     78 |     50 |    918 |   3 |  422.0 |
       Dungeon |   1266 |   1188 |     78 |     50 |    918 |   3 |  422.0 |
               +--------+--------+--------+--------+--------+-----+--------+

Top non-repeatable levels by time:
     D:1: 637 daAuts
     D:2: 567 daAuts
     D:3: 61 daAuts
